 Dungeon Crawl Stone Soup version 0.32-a0-927-g1d8594b (webtiles) character file.

Game seed: 16526404944272830597

4368 lightray the Covert (level 10, -4/44 HPs)
             Began as a Spriggan Fire Elementalist on Apr 4, 2024.
             Was a Priest of Ashenzari.
             Engulfed by a cloud of flame (17 damage)
             ... on level 9 of the Dungeon on Apr 12, 2024.
             The game lasted 01:30:14 (9746 turns).

lightray the Covert (Spriggan Fire Elementalist)    Turns: 9746, Time: 01:30:15

Health: -4/44      AC:  4    Str:  6    XL:     10   Next: 13%
Magic:  13/24      EV: 23    Int: 21    God:    Ashenzari [***...]
Gold:   380        SH:  0    Dex: 17    Spells: 21/27 levels left

rFire   . . .        J - +2 dagger "Shattered Suspicion" {freeze, Melee, Sorc} (curse)
rCold   . . .        (no shield)
rNeg    . . .        a - +0 robe "Gaze Upon Infinity" {Comp, Range} (curse)
rPois   .            g - +0 hat "Visionary Fetters" {Int+3, Sorc, Self} (curse)
rElec   .            s - +1 cloak of Ashenzari's Moon {Dev, Cun} (curse)
rCorr   .            (gloves unavailable)
SInv    +            (boots unavailable)
Will    +....        (no amulet)
Stlth   +++++        (no ring)
HPRegen 0.27/turn    (no ring)
MPRegen 0.19/turn

%: clarity
@: studying Maces & Flails, very quick
A: very small, no large weapons, unfitting armour, see invisible, speed 3
a: Renounce Religion, Shatter the Chains


You were on level 9 of the Dungeon.
You worshipped Ashenzari.
Ashenzari was most pleased with you.
You visited 1 branch of the dungeon, and saw 9 of its levels.
You also visited: Ossuary and Bailey.

You collected 380 gold pieces.

Inventory:

Hand Weapons
 e - a +1 mace of protection
 F - a +2 hand axe of draining
 J - the cursed +2 dagger "Shattered Suspicion" (weapon) {freeze, Melee, Sorc}
   (You took it off an orc wizard on level 7 of the Dungeon)

   It has a curse which improves the following skills: Melee Combat: Short
   Blades, Long Blades, Axes, Maces & Flails, Polearms, Staves and Unarmed
   Combat.
   Sorcery:   Conjurations and Alchemy.
Missiles
 c - 10 poisoned darts
 r - 5 boomerangs
Armour
 a - the cursed +0 robe "Gaze Upon Infinity" (worn) {Comp, Range}

   It has a curse which improves the following skills: Companions: Summonings
   and Necromancy.
   Ranged Combat: Ranged Weapons and Throwing.
 g - the cursed +0 hat "Visionary Fetters" (worn) {Int+3, Sorc, Self}
   (You found it on level 1 of the Dungeon)

   It has a curse which improves the following skills: Sorcery: Conjurations and
   Alchemy.
   Introspection: Fighting and Spellcasting.
 k - a +1 cloak
 s - the cursed +1 cloak of Ashenzari's Moon (worn) {Dev, Cun}
   (You found it on level 4 of the Dungeon)

   It has a curse which improves the following skills: Devices: Evocations and
   Shapeshifting.
   Cunning:   Dodging and Stealth.
 E - a +4 chain mail of fire resistance
 G - a +1 pair of gloves of strength
Talismans
 d - a blade talisman
Wands
 q - a wand of roots (9)
 L - a wand of digging (6)
Scrolls
 h - 3 scrolls of poison
 i - 2 scrolls of amnesia
 j - 2 scrolls of blinking
 l - 4 scrolls of teleportation
 m - 2 scrolls of immolation
 n - 2 scrolls of fog
 o - 3 scrolls of fear
 t - 2 scrolls of silence
 u - a scroll of revelation
 y - a scroll of enchant armour
 A - 3 scrolls of brand weapon
 C - a scroll of vulnerability
 D - a scroll of torment
Potions
 b - a potion of berserk rage
 f - 3 potions of might
 p - a potion of lignification
 v - 2 potions of magic
 w - 8 potions of enlightenment
 x - 2 potions of attraction
 z - 2 potions of mutation
 B - a potion of haste
 H - 3 potions of resistance
 I - a potion of invisibility
 K - 2 potions of curing


   Skills:
 + Level 2.4(3.7) Short Blades
 + Level 8.4(10.0) Dodging
 + Level 10.0(11.4) Stealth
 + Level 7.7(9.2) Spellcasting
 - Level 1.4(2.9) Conjurations
 + Level 6.5 Hexes
 + Level 5.5 Fire Magic
 + Level 5.3(6.8) Evocations
 + Level 3.8(5.1) Shapeshifting


You had 21 spell levels left.
You knew the following spells:

 Your Spells              Type           Power      Damage    Failure   Level
a - Foxfire               Conj/Fire      100%       2x1d9     1%          1
b - Scorch                Fire           66%        2d7       1%          2
c - Inner Flame           Hex/Fire       35%        N/A       1%          3

Your spell library contained the following spells:

 Spells                   Type           Power      Damage    Failure   Level
 Sting                    Conj/Alch      64%        1d7       3%          1
 Volatile Blastmotes      Fire/Tloc      42%        2d13      7%          3
 Mercury Vapours          Alch/Air       20%        N/A       10%         2
 Flame Wave               Conj/Fire      27%        2d9       12%         4
 Olgreb's Toxic Radiance  Alch           10%        N/A       52%         4


Dungeon Overview and Level Annotations

Branches:
Dungeon (9/15)             Temple (0/1) D:7         Ossuary (visited)
 Bailey (visited)
   Lair: D:8-11         Orc: D:9-12

Altars:
Ashenzari
Elyvilon
Gozag
Okawaru
Ru
Sif Muna
Wu Jian
Yredelemnul
Zin

Shops:
D:5 *   D:8 *


Innate Abilities, Weirdness & Mutations

You are very small and have problems with some larger weapons.
You are too small for most types of armour.
You have supernaturally acute eyesight. (SInv)
You cover ground extremely quickly. (Speed+++)


Message History

Casting: Foxfire (safe; 1% risk of failure)
Confirm with . or Enter, or press ? or * to list all spells.
Flames lash the killer bee.
The killer bee is almost dead.
The killer bee's fire resistance burns away.
The killer bee misses you.
Casting: Foxfire (safe; 1% risk of failure)
Press: ? - help, Q - select action, (/) - cycle Dir - look around, f - activate You conjure some foxfire!
The killer bee stings you but does no damage.
The killer bee completely misses you.
Your foxfire dissipates!
The foxfire hits the killer bee!
The killer bee is burned terribly!
You kill the killer bee!
The killer bee attacks as it pursues you!
The killer bee stings you.
Casting: Foxfire (safe; 1% risk of failure)
Confirm with . or Enter, or press ? or * to list all spells.
Flames lash the killer bee.
The killer bee is heavily wounded.
The killer bee's fire resistance burns away.
The killer bee closely misses you. The killer bee misses you.
Casting: Scorch (safe; 1% risk of failure)
Confirm with . or Enter, or press ? or * to list all spells.
Aiming: Inner Flame (safe; 1% risk of failure)
Press: ? - help, Dir - move target, f - killer bee
Aim: a killer bee (heavily wounded, more vulnerable to fire, chance to affect: 91%)
The killer bee is filled with an inner flame.
The killer bee closely misses you. The killer bee misses you.
Casting: Inner Flame (safe; 1% risk of failure)
Confirm with . or Enter, or press ? or * to list all spells.
Flames lash the killer bee.
The killer bee is burned terribly!
The killer bee explodes!
The fiery explosion engulfs the killer bee!!
You kill the killer bee!
The fiery explosion engulfs you!!
Ouch! That really hurt!
* * * LOW HITPOINT WARNING * * *
You are engulfed in blazing flames.
You die...

.. ...
...............
###.
<.#.#.####...######
... ..#.#
#........# ..#....#
#....###!#
....$.#.# #....#.#{
#y......# ####...#
#†# #......#{
#.##########.######
#.§§@.......).#
###############
{{{{{{{∆


There were no monsters in sight!

Vanquished Creatures
  A gargoyle (Bailey)
  A vampire (Bailey)
  4 yaks (D:8)
  A steam dragon (D:7)
  A water moccasin (D:7)
  An ice beast (D:5)
  A sky beast (D:6)
  An orc warrior (D:8)
  3 black bears
  2 ogres
  2 phantoms (D:4)
  A kobold brigand (D:7)
  An elf zombie (Ossuary)
  A bullfrog (D:7)
  4 scorpions
  3 killer bees (D:9)
  A howler monkey (D:8)
  6 vampire bats (Bailey)
  4 wolf zombies (Bailey)
  2 bombardier beetles
  6 centaur zombies (Ossuary)
  4 human zombies (Ossuary)
  5 orc priests
  4 hounds
  2 jellies
  3 iguanas
  10 orc wizards
  3 mummies (Ossuary)
  Robin (D:4)
  7 adders
  2 white imps
  2 ribbon worms (D:2)
  5 dart slugs
  32 orcs
  6 ball pythons
  5 endoplasms
  4 giant cockroaches
  14 goblins
  13 hobgoblins
  4 jackals (D:5)
  2 quokkas
  3 bats
  4 frilled lizards
  14 kobolds
  20 orc zombies (Bailey)
  8 rats
224 creatures vanquished.

Vanquished Creatures (others)
  872 foxfires
872 creatures vanquished.

Grand Total: 1096 creatures vanquished

Notes
Turn   | Place    | Note
-------+----------+-------------------------------------------
     0 | D:1      | lightray the Spriggan Fire Elementalist began the quest for
                  | the Orb.
     0 | D:1      | Reached XP level 1. HP: 9/9 MP: 5/5
     0 | D:1      | Upgraded the game from 0.32-a0-898-g7811c86 to
                  | 0.32-a0-899-geb5ba95
   438 | D:1      | Reached XP level 2. HP: 13/13 MP: 1/6
   872 | D:1      | Learned a level 2 spell: Scorch
  1072 | D:2      | Reached skill level 1 in Conjurations
  1072 | D:2      | Reached XP level 3. HP: 16/16 MP: 2/8
  1422 | D:2      | Found a faded altar of an unknown god.
  1440 | D:2      | Reached skill level 1 in Short Blades
  1440 | D:2      | Reached skill level 4 in Stealth
  1444 | D:2      | Prayed at the altar of an unknown god.
  1444 | D:2      | Became a worshipper of Ashenzari the Shackled
  1655 | D:3      | Found a broken altar of Ashenzari.
  1886 | D:3      | Reached XP level 4. HP: 21/21 MP: 7/10
  2041 | D:3      | Found a shimmering blue altar of Sif Muna.
  2062 | D:3      | Reached XP level 5. HP: 24/24 MP: 2/12
  2220 | D:3      | Reached * piety under Ashenzari
  2437 | D:3      | Found an opulent altar of Gozag.
  2619 | D:3      | Found a glowing silver altar of Zin.
  2882 | D:4      | Noticed Robin
  2978 | D:4      | Found a sand-covered staircase.
  2988 | Ossuary  | Entered an ossuary
  3026 | Ossuary  | Reached skill level 5 in Stealth
  3026 | Ossuary  | Reached skill level 1 in Hexes
  3026 | Ossuary  | Reached XP level 6. HP: 16/28 MP: 8/14
  3071 | Ossuary  | Identified the cursed +0 hat "Visionary Fetters" {Int+3,
                  | Sorc, Self} (You found it on level 1 of the Dungeon)
  3360 | Ossuary  | Learned a level 3 spell: Inner Flame
  3474 | Ossuary  | Reached XP level 7. HP: 32/32 MP: 5/16
  3480 | Ossuary  | Reached skill level 5 in Dodging
  3480 | Ossuary  | Reached skill level 6 in Stealth
  3645 | D:4      | Reached ** piety under Ashenzari
  3881 | D:4      | Reached skill level 5 in Spellcasting
  4006 | D:4      | Found an iron altar of Okawaru.
  4354 | D:4      | Reached skill level 7 in Stealth
  4358 | D:4      | Killed Robin
  4573 | D:4      | Found a white marble altar of Elyvilon.
  4679 | D:4      | Reached XP level 8. HP: 36/36 MP: 12/19
  4746 | D:4      | Upgraded the game from 0.32-a0-899-geb5ba95 to
                  | 0.32-a0-900-g30fb1b0
  4777 | D:4      | Reached *** piety under Ashenzari
  4796 | D:5      | Entered Level 5 of the Dungeon
  4859 | D:5      | Found Feru's Elemental Accessories.
  4968 | D:5      | Reached skill level 1 in Evocations
  5318 | D:5      | Found a sacrificial altar of Ru.
  5466 | D:5      | Reached skill level 8 in Stealth
  5964 | D:6      | Reached skill level 5 in Hexes
  6224 | D:6      | Reached XP level 9. HP: 39/39 MP: 17/22
  6418 | D:7      | Reached **** piety under Ashenzari
  6478 | D:7      | Found a staircase to the Ecumenical Temple.
  6508 | D:7      | Found a flagged portal.
  6514 | D:7      | Reached skill level 1 in Shapeshifting
  6526 | Bailey   | Entered a bailey
  6902 | Bailey   | Noticed a gargoyle
  6933 | Bailey   | Upgraded the game from 0.32-a0-900-g30fb1b0 to
                  | 0.32-a0-913-g739538a
  6934 | Bailey   | Upgraded the game from 0.32-a0-913-g739538a to
                  | 0.32-a0-921-g04a7ad8
  6961 | Bailey   | Reached skill level 5 in Fire Magic
  6964 | Bailey   | Reached skill level 9 in Stealth
  7243 | Bailey   | Killed a gargoyle
  8392 | D:7      | Reached skill level 5 in Evocations
  8548 | D:7      | Upgraded the game from 0.32-a0-921-g04a7ad8 to
                  | 0.32-a0-924-gf9495cf
  9003 | D:8      | Upgraded the game from 0.32-a0-924-gf9495cf to
                  | 0.32-a0-927-g1d8594b
  9097 | D:8      | Found Biha's Clear Minds Boutique.
  9334 | D:8      | Reached XP level 10. HP: 44/44 MP: 13/23
  9454 | D:8      | Reached skill level 10 in Stealth
  9569 | D:8      | Found a basalt altar of Yredelemnul.
  9686 | D:8      | Found an ornate altar of the Wu Jian Council.
  9746 | D:9      | Engulfed by a cloud of flame

Illustrated notes

Levels and vault maps discovered:
D:1:      amcnicky_arrival_flooded_fountain, layout_rooms,
          chequers_serial_rivers_large_b
D:2:      layout_rooms, shapermc_ecumenical_altar_notcrosses
D:3:      layout_loops_corners, nicolae_gozag_seed_capital,
          mainiacjoe_overflow_swirl, nicolae_sif_muna_condensation
D:4:      layout_gridville, mainiacjoe_overflow_24_doors,
          okawaru_altar_gauntlet_db, mainiacjoe_ossuary_entry_dusty_tomb,
          skrybe_limestone_x, feat_on_display, uniq_robin
D:5:      layout_rooms, nicolae_ru_awakened_eye, nicolae_elemental_shop
D:6:      layout_loops_cross
D:7:      layout_layer_cave, minmay_temple_entry_purple_smoke, enter_bailey_5
D:8:      layout_rooms, yredelemnul_altar_generic,
          pdpol_wu_jian_five_deadly_venoms, nicolae_clarity_for_sale
D:9:      nicolae_whirlpool, layout_basic

Skill      XL: |  1  2  3  4  5  6  7  8  9 10 |
---------------+-------------------------------+-----
Dodging        | 3 4 5 7 8 |  8.4
Spellcasting   | 3 4 5 6 7 |  7.7
Conjurations   | 1 |  1.4
Short Blades   | 1 2 |  2.4
Stealth        | 4 5 7 8 9 10 | 10.0
Fire Magic     | 3 4 5 |  5.5
Hexes          | 1 2 3 5 6 |  6.5
Evocations     | 3 5 |  5.3
Shapeshifting  | 3 |  3.8

Action                     |  1- 3 |  4- 6 |  7- 9 | 10-12 || total
---------------------------+-------+-------+-------+-------++-------
  Melee: Spear             |    15 |    20 |    29 |       ||    64
         Short sword       |     5 |       |       |       ||     5
  Throw: Dart              |     1 |       |       |       ||     1
         Boomerang         |       |     4 |    10 |       ||    14
   Cast: Foxfire           |    56 |    86 |   351 |    18 ||   511
         Scorch            |     6 |    13 |    38 |     7 ||    64
         Inner Flame       |       |     1 |     2 |     1 ||     4
 Invoke: Curse Item        |     1 |     1 |     3 |     1 ||     6
         Shatter the Chain |       |       |     2 |       ||     2
  Evoke: Wand              |       |       |     1 |       ||     1
    Use: Scroll            |     2 |     1 |     1 |       ||     4
         Potion            |     1 |     2 |       |       ||     3
   Stab: Sleeping          |     5 |     3 |     4 |       ||    12
 Armour: Robe              |    11 |    14 |    21 |     5 ||    51
         Skin              |       |     2 |       |       ||     2
  Dodge: Dodged            |    13 |    27 |    72 |     6 ||   118
  Block: Buckler           |       |       |     8 |       ||     8

Table legend: (Time is in decaauts)
 A = Elapsed time spent in this place.
 B = Non-inter-level travel time spent in this place.
 C = Inter-level travel time spent in this place.
 D = Time resting spent in this place.
 E = Time spent auto-exploring this place.
 F = Levels seen in this place.
 G = Mean time per level.
                   A        B        C        D        E       F      G
               +--------+--------+--------+--------+--------+-----+--------+
         Total |   7542 |   7347 |    195 |    396 |   5079 |  11 |  685.6 |
       Dungeon |   5989 |   5794 |    195 |      0 |   4599 |   9 |  665.4 |
       Ossuary |    558 |    558 |      0 |    196 |     76 |   1 |  558.0 |
        Bailey |    994 |    994 |      0 |    200 |    404 |   1 |  994.0 |
               +--------+--------+--------+--------+--------+-----+--------+

Top non-repeatable levels by time:
     D:4: 1034 daAuts
  Bailey: 994 daAuts
     D:7: 974 daAuts
     D:3: 866 daAuts
     D:1: 739 daAuts
     D:6: 663 daAuts
     D:5: 593 daAuts
     D:2: 575 daAuts
 Ossuary: 558 daAuts
     D:8: 513 daAuts
     D:9: 28 daAuts
